 Dungeon Crawl Stone Soup version 0.21-a0-361-g4efd3f9 (webtiles) character file.

46 percussionPanda the Firebug (level 3, -2/26 HPs)
             Began as a Draconian Fire Elementalist on Oct 14, 2017.
             Slain by a quokka (4 damage)
             ... on level 5 of the Dungeon.
             The game lasted 00:14:49 (791 turns).

percussionPanda the Firebug (DrFE)                   Turns: 791, Time: 00:14:49

Health: -2/26      AC:  5    Str: 10    XL:     3   Next: 44%
Magic:  6/6        EV: 12    Int: 16    God:
Gold:   88         SH:  0    Dex: 11    Spells: 5/6 levels left

rFire    . . .     SeeInvis .   s - +0 mace
rCold    . . .     Gourm    .   (no shield)
rNeg     . . .     Faith    .   (armour unavailable)
rPois    .         Spirit   .   (helmet restricted)
rElec    .         Reflect  .   (no cloak)
rCorr    .         Harm     .   (no gloves)
MR       .....                  (no boots)
Stlth    ++........             (no amulet)
HPRegen  0.08/turn              (no ring)
MPRegen  0.10/turn              (no ring)

@: hasted, very quick
A: unfitting armour, cold-blooded, AC +5
a: no special abilities


You were on level 5 of the Dungeon.
You were full.

You visited 1 branch of the dungeon, and saw 6 of its levels.

You collected 88 gold pieces.

Inventory:

Hand Weapons
 d - a +0 whip
 k - a +0 short sword
 r - a +0 dagger
 s - a +0 mace (weapon)
Missiles
 g - 45 stones (quivered)
Armour
 f - a +0 chain mail of magic resistance
 t - a +0 scale mail
Scrolls
 h - a scroll of remove curse
 q - a scroll of blinking {unknown}
Potions
 c - 2 potions of resistance
 j - a potion of cancellation {unknown}
 l - a potion of agility {unknown}
 p - 2 potions of curing {unknown}
Books
 a - a book of Flames

   Spells                             Type                      Level
   a - Flame Tongue                   Conjuration/Fire             1
   b - Throw Flame                    Conjuration/Fire             2
   c - Conjure Flame                  Conjuration/Fire             3
   d - Inner Flame                    Hexes/Fire                   3
   e - Sticky Flame                   Conjuration/Fire             4
   f - Fireball                       Conjuration/Fire             5
Comestibles
 b - a meat ration
 i - 7 fruits
 m - a royal jelly


   Skills:
 + Level 0.4 Maces & Flails
 + Level 2.1 Dodging
 + Level 2.0 Stealth
 + Level 2.3 Spellcasting
 + Level 1.6 Conjurations
 + Level 3.5 Fire Magic


You had 5 spell levels left.
You knew the following spells:

 Your Spells              Type           Power        Failure   Level  Hunger
a - Flame Tongue          Conj/Fire      ##...        7%          1    #......


Dungeon Overview and Level Annotations

Branches:
Dungeon (6/15)
 Temple: D:4-7

Altars:

Shops:
D:6 ?


Innate Abilities, Weirdness & Mutations

Your plain brown scales are hard. (AC +5)
You cannot fit into any form of body armour.
You are cold-blooded and may be slowed by cold attacks.


Message History

The quokka barely misses you.
You climb downwards.
An orc comes into view. It is wielding a short sword.
Found an escape hatch in the ceiling.
There is a stone staircase leading up here.
The quokka bites you.
* * * LOW HITPOINT WARNING * * *
You open the door.
There is an open door here.
Found a coppery potion.
The quokka twitches its whiskers.
Found Cuaj's Magic Scroll Boutique.
Found an escape hatch in the floor.
There is an escape hatch in the ceiling here.
The quokka completely misses you. A mysterious force pulls you upwards.
The hatch slams shut behind you.
A worm comes into view.
Found 12 gold pieces.
Found an escape hatch in the floor.
Found a stone staircase leading up.
The quokka bites you.
You die...

#. ..# ... ..
#.##.###
##$.....##.
..........
#.........
###......#
#####...r....#
....w..@.>.###
......#<#..#
##### #.#..#
..#..# ###....
.#### . .#


You could see a worm and a quokka.

Vanquished Creatures
  3 adders
  2 giant cockroaches
  2 goblins
  A jackal (D:1)
  4 kobolds (D:1)
  3 bats
  3 frilled lizards
  3 rats
21 creatures vanquished.

Notes
Turn   | Place    | Note
-------+----------+-------------------------------------------
     0 | D:1      | percussionPanda the Draconian Fire Elementalist began the quest for the Orb.
     0 | D:1      | Reached XP level 1. HP: 14/14 MP: 3/3
   362 | D:1      | Reached XP level 2. HP: 19/20 MP: 3/5
   695 | D:4      | Reached XP level 3. HP: 17/26 MP: 3/6
   748 | D:4      | Noticed an ogre
   756 | D:5      | Entered Level 5 of the Dungeon
   771 | D:6      | HP: 1/26 [quokka (2)]
   782 | D:6      | Found Cuaj's Magic Scroll Boutique.
   791 | D:5      | Slain by a quokka

Vault maps used:
D:1:      minmay_arrival_four_circles
D:2:      minmay_misc_feat_chi
D:3:      kennysheep_path_1, minmay_fountain_box, uniq_grinder
D:4:      gammafunk_steamed_eel, trog_eyes_of_draining, uniq_edmund
D:5:      minmay_temple_entry_butterflies, serial_shops,
          nicolae_shop_competitors_out_of_business, first_bread
D:6:      black_bear_nest_1, marbit_many_paths, lemuel_round_altar,
          serial_shops, nicolae_shop_waterfront, serial_bayou_ford_a,
          minivault_24

Skill      XL: |  1  2 |
---------------+-------+-----
Dodging        | 2 |  2.1
Stealth        | 2 |  2.0
Maces & Flails | |  0.4
Spellcasting   | |  2.3
Conjurations   | |  1.6
Fire Magic     | |  3.5

Action                   || total
-------------------------++-------
Melee: Short sword       ||    17
       Whip              ||    10
       Tailslap          ||     8
       Mace              ||    14
 Cast: Flame Tongue      ||    19
  Use: Scroll            ||     5
       Potion            ||     1
  Eat: Bread ration      ||     1
Armor: Skin              ||    25
Dodge: Dodged            ||    48

Table legend:
 A = Spawn XP
 B = Non-spawn XP
 C = Spawn XP percentage of total XP
 D = Spawn monster count
 E = Non-spawn monster count
 F = Spawn count percentage of total count
 G = Total turns spent on level
                    A         B        C        D         E        F      G
               +---------+---------+-------+---------+---------+-------+---------
         Total |       0 |      66 |   0.0 |       0 |      21 |   0.0 |   791
               +---------+---------+-------+---------+---------+-------+---------
           D:1 |       0 |      15 |   0.0 |       0 |      10 |   0.0 |   401
           D:2 |       0 |       5 |   0.0 |       0 |       3 |   0.0 |    72
           D:3 |       0 |      20 |   0.0 |       0 |       6 |   0.0 |   204
           D:4 |       0 |      26 |   0.0 |       0 |       2 |   0.0 |    79
               +---------+---------+-------+---------+---------+-------+---------
